Map: Shrines of Lizul

Players

llllllllllll

  • Race: Terran Terran
  • Spawn Location: 3:00

Arts

  • Race: Terran Terran
  • Spawn Location: 12:00

PureLegacy - Winner!

  • Race: Terran Terran
  • Spawn Location: 6:00

PinkElephant - Winner!

  • Race: Terran Terran
  • Spawn Location: 9:00

VOD

Have the link to the VOD?

Description

Time

  • Played on: Nov. 23, 2018, 6:49 p.m.
  • Length: 7:44
Show
View Real Time Build Order
Export as new Build Order

llllllllllll Terran 

Build Orders:  

Get SALT Encoding   

  12  0:00  SCV  
  13  0:13  SCV  
  14  0:18  Supply Depot  
  14  0:25  SCV  
  15  0:29  Refinery  
  15  0:41  Barracks  
  15  0:45  SCV  
  16  0:57  SCV  
  16  1:03  Barracks  
  17  1:20  Barracks  
  17  1:28  Reaper  
  18  1:33  Refinery  
  18  1:46  Orbital Command  
  18  1:51  Reaper  
  19  2:00  Reaper  
  20  2:10  Supply Depot  
  20  2:12  Reaper  
  21  2:18  SCV  
  22  2:23  Reaper  
  23  2:31  SCV  
  23  2:32  Reaper  
  25  2:43  SCV  
  26  2:44  Reaper  
  27  2:55  Reaper, SCV  
  29  3:04  Reaper  
  30  3:17  Reaper  
  31  3:21  Engineering Bay  
  29  3:28  Reaper  
  30  3:35  Supply Depot  
  30  3:36  Reaper  
  30  3:39  Barracks x2  
  31  3:51  Reaper  
  31  3:57  SCV  
  31  4:00  Reaper  
  33  4:09  Reaper, SCV  
  35  4:23  Reaper  
  34  4:32  Reaper  
  34  4:33  Reaper  
  35  4:42  Reaper x2  
  35  4:55  Reaper, Command Center  
  36  5:04  Reaper  
  36  5:05  Reaper  
  38  5:08  SCV  
  39  5:17  Barracks, Command Center  
  39  5:18  Missile Turret  
  39  5:25  SCV  
  39  5:37  Reaper x2  
  39  5:38  Reaper  
  39  5:46  Supply Depot  
  39  5:48  Supply Depot  
  34  6:06  Reaper, SCV  
  34  6:09  Reaper x2  
  34  6:10  Reaper  
  30  6:27  Orbital Command  
  29  6:38  Reaper  
  30  6:41  Reaper  
  31  6:49  SCV  
  31  6:51  Reaper  
  33  6:58  SCV  
  34  7:01  SCV  
  34  7:02  Reaper  
  34  7:08  Reaper  
  37  7:13  SCV  
  37  7:25  SCV  
  38  7:33  Barracks Tech Lab  
Show
View Real Time Build Order
Export as new Build Order

Arts Terran 

Build Orders:  

Get SALT Encoding   

  12  0:01  SCV  
  13  0:13  SCV  
  14  0:22  Supply Depot  
  14  0:27  SCV  
  15  0:39  Refinery  
  15  0:44  SCV  
  16  0:50  Barracks  
  16  1:01  SCV  
  17  1:11  Barracks  
  17  1:21  Barracks  
  17  1:27  SCV  
  18  1:38  Reaper  
  19  1:44  Orbital Command  
  19  1:54  Supply Depot  
  19  1:58  Reaper  
  20  2:08  Refinery  
  20  2:09  Reaper  
  20  2:14  SCV  
  22  2:17  Reaper  
  23  2:26  SCV  
  24  2:36  Reaper  
  24  3:01  Reaper x2  
  24  3:08  Reaper  
  24  3:13  SCV  
  25  3:25  SCV  
  26  3:29  Barracks  
  26  3:33  Reaper x2  
  28  3:38  SCV  
  27  3:51  Reaper  
  27  3:52  SCV  
  29  3:57  Supply Depot  
  23  4:18  SCV  
  16  4:30  SCV  
  9  4:44  Reaper  
  9  4:45  Reaper  
  2  5:02  SCV  
  3  5:14  SCV  
  4  5:24  Marine x2  
  4  5:26  SCV  
  7  5:38  SCV  
  7  5:42  Marine x2  
  10  5:50  SCV  
  11  5:59  Marine  
  11  6:02  SCV  
  11  6:05  Marine  
  12  6:15  SCV  
    6:58  Orbital Command  
    7:26  SCV  
Show
View Real Time Build Order
Export as new Build Order

PureLegacy Terran - Winner!

Build Orders:  

Get SALT Encoding   

  12  0:01  SCV  
  13  0:13  SCV  
  14  0:17  Supply Depot  
  14  0:25  SCV  
  15  0:30  Refinery  
  15  0:39  SCV  
  16  0:46  Barracks  
  16  0:52  SCV  
  17  1:04  Barracks  
  17  1:08  SCV  
  18  1:21  SCV  
  19  1:33  Barracks Tech Lab  
  19  1:34  Orbital Command  
  19  1:43  Supply Depot  
  19  1:51  Barracks Tech Lab, Concussive Shells  
  19  1:57  Marauder  
  21  2:04  SCV  
  22  2:10  Marauder  
  22  2:15  Supply Depot  
  24  2:20  Marauder  
  26  2:25  SCV  
  27  2:32  Marauder  
  29  2:38  Supply Depot  
  29  2:41  Marauder  
  31  2:53  Marauder  
  33  3:02  Marauder  
  35  3:06  SCV  
  36  3:15  Marauder  
  38  3:28  Marauder  
  38  3:29  Command Center  
  40  3:37  Marauder  
  42  3:44  Barracks  
  42  3:52  Marauder  
  42  3:53  Stimpack  
  44  3:56  Refinery  
  44  3:58  Supply Depot  
  44  4:05  Marauder  
  42  4:32  Marauder  
  42  4:38  Barracks Reactor, Marauder  
  46  4:39  SCV  
  43  4:53  Marauder  
  43  4:58  Orbital Command  
  46  5:00  SCV  
  46  5:01  Factory  
  42  5:07  Marauder  
  42  5:14  SCV  
  42  5:15  Marine x2, Marauder  
  47  5:24  SCV  
  47  5:26  SCV  
  47  5:27  Engineering Bay  
  47  5:47  SCV, Starport  
  47  5:48  Marine x2  
  47  5:49  SCV  
  53  5:54  Barracks Reactor  
  53  5:58  Marine  
  52  6:10  Marine  
  52  6:11  Marine  
  44  6:28  Marine x3  
  44  6:29  Siege Tank  
  44  6:30  SCV x2  
  52  6:33  Barracks  
  52  6:34  Barracks  
  52  6:38  Supply Depot  
  52  6:39  Refinery x2  
  52  6:42  SCV x2, Barracks Reactor  
  52  6:46  Marine x3  
  57  6:54  SCV x2  
  59  7:03  Medivac x2  
  59  7:05  Marine x3  
  59  7:06  SCV x2  
  68  7:10  Supply Depot  
  68  7:11  Supply Depot  
  68  7:18  SCV x2  
  68  7:20  Marine x2  
  75  7:30  SCV x2  
  75  7:32  Barracks Reactor x2  
  79  7:42  Supply Depot  
  79  7:43  Supply Depot  
Show
View Real Time Build Order
Export as new Build Order

PinkElephant Terran - Winner!

Build Orders:  

Get SALT Encoding   

  12  0:01  SCV  
  13  0:13  SCV  
  14  0:18  Supply Depot  
  14  0:25  SCV  
  15  0:42  Refinery  
  15  0:43  Barracks  
  15  0:58  Barracks  
  15  1:07  Barracks  
  15  1:12  SCV  
  16  1:24  Refinery  
  16  1:27  SCV  
  16  1:32  Reaper  
  18  1:41  SCV  
  18  1:45  Reaper  
  20  1:56  Supply Depot  
  20  1:59  Reaper  
  21  2:05  Reaper  
  22  2:17  Bunker  
  22  2:20  Reaper  
  23  2:32  Reaper  
  24  2:37  Reaper  
  25  2:52  Reaper  
  26  3:04  Reaper  
  27  3:09  Reaper  
  23  3:24  Supply Depot, Reaper  
  24  3:36  Reaper  
  25  3:41  Reaper  
  26  3:56  Reaper  
  26  4:01  SCV  
  28  4:08  Reaper  
  28  4:13  Reaper  
  28  4:28  Reaper  
  27  4:40  Reaper  
  27  4:41  SCV  
  29  4:45  Reaper  
  30  4:53  SCV  
  31  5:02  Command Center  
  32  5:07  Orbital Command  
  33  5:24  Barracks Reactor  
  31  5:30  Factory, Barracks Tech Lab  
  31  5:33  Barracks Reactor  
  25  5:51  SCV  
  24  5:57  Command Center  
  24  6:03  SCV  
  23  6:15  SCV  
  23  6:27  SCV  
  24  6:38  Marine x4  
  24  6:39  SCV  
  29  6:48  Marine  
  30  6:59  Orbital Command  
  30  7:03  SCV  
  30  7:17  Marine x2, Orbital Command  
  34  7:37  Starport  
Tags
 
Add a new tag
Caveats
  • Supply blocks, unpowered buildings, or Contaminate may cause inaccurate times.
  • Supply counts are checked every 10 seconds.